 Dungeon Crawl Stone Soup version 0.32-a0-132-g2d33c3cfaf (webtiles) character file.

Game seed: 12307115821556262073

18 Bravepunisher the Ducker (level 2, 16/16 HPs)
             Began as a Spriggan Monk on Feb 9, 2024.
             Quit the game on level 1 of the Dungeon.
             The game lasted 00:01:59 (460 turns).

Bravepunisher the Ducker (Spriggan Monk)             Turns: 460, Time: 00:02:00

Health: 16/16      AC:  2    Str:  7    XL:     2   Next: 51%
Magic:  3/3        EV: 19    Int: 11    God:
Gold:   13         SH:  0    Dex: 17    Spells: 1/1 levels left

rFire   . . .        a - +0 short sword
rCold   . . .        (no shield)
rNeg    . . .        b - +0 robe
rPois   .            (helmet restricted)
rElec   .            (no cloak)
rCorr   .            (gloves unavailable)
SInv    +            (boots unavailable)
Will    .....        (no amulet)
Stlth   ++           (no ring)
HPRegen 0.22/turn    (no ring)
MPRegen 0.08/turn

%: no passive effects
@: very quick
A: very small, no large weapons, unfitting armour, see invisible, speed 3
a: no special abilities


You were on level 1 of the Dungeon.
You visited 1 branch of the dungeon, and saw 1 of its levels.

You collected 13 gold pieces.

Inventory:

Hand Weapons
 a - a +0 short sword (weapon)
Armour
 b - a +0 robe (worn)
Potions
 c - a potion of ambrosia
 d - 2 potions of attraction {unknown}


   Skills:
 + Level 2.7 Fighting
 - Level 3.2 Short Blades
 * Level 4.9 Dodging


You had one spell level left.
You didn't know any spells.
Your spell library was empty.

Dungeon Overview and Level Annotations

Branches:
Dungeon (1/15)

Altars:

Shops:
D:1 !


Innate Abilities, Weirdness & Mutations

You are very small and have problems with some larger weapons.
You are too small for most types of armour.
You have supernaturally acute eyesight. (SInv)
You cover ground extremely quickly. (Speed+++)


Message History

a +0 dagger; 4 stones You see here a +0 dagger.
A ball python comes into view.
Found a blackened bronze ring.
A goblin comes into view. It is wielding a +0 club.
Found a Young Poisoner's Handbook.
Found a ring mail.
The ball python hisses angrily.
The ball python bites you but does no damage.
The ball python barely misses you.
You hit the ball python.
The ball python is moderately wounded.
The goblin hits you but does no damage. The ball python closely misses you.
The ball python completely misses you.
You closely miss the ball python. The ball python closely misses you. x2
You hit the ball python.
The ball python is severely wounded.
The goblin closely misses you.
The ball python bites you but does no damage.
The ball python closely misses you.
You hit the ball python but do no damage.
The ball python is severely wounded.
The goblin misses you. The ball python closely misses you. x2
You hit the ball python.
You kill the ball python!
The goblin barely misses you.
You see here a ball python corpse.
The goblin attacks as it pursues you! The goblin misses you.
A goblin comes into view. It is wielding a +0 dagger.
The goblin shouts!
You miss the goblin. The goblin misses you.
You completely miss the goblin. The goblin completely misses you.
You barely miss the goblin. The goblin barely misses you.
You hit the goblin.
The goblin is moderately wounded.
The goblin hits you but does no damage.
You hit the goblin.
You kill the goblin!
You see here a +0 dagger.
Are you sure you want to abandon this character and quit the game? (Confirm with "yes".)

#[# #......#
####)###########...#
...........# ###.#
####.#####.# #.# #
##...###.#### #.#
###...........# #.#
.#..####..###..###.#
...##.......##...#.#
..##)#######.##.@..#
.##.##.....# .##.###
.#.##.#'###.# #...#
.#.#.##...##
#..)#######
.#.#.#.#.#.#
#.........#
.#.#.#≈#<#.#
#...#####g#
.#.#.#.###.# #...#
#.# .#(#.##...##
#.### #.#
.#.##.#####.# #.#
#g#


There were no monsters in sight!

Vanquished Creatures
  An endoplasm (D:1)
  A giant cockroach (D:1)
  4 goblins (D:1)
  3 hobgoblins (D:1)
  4 kobolds (D:1)
  A ball python (D:1)
  2 bats (D:1)
  A frilled lizard (D:1)
  A rat (D:1)
18 creatures vanquished.

Notes
Turn   | Place    | Note
-------+----------+-------------------------------------------
     0 | D:1      | Bravepunisher the Spriggan Monk began the quest for the
                  | Orb.
     0 | D:1      | Reached XP level 1. HP: 11/11 MP: 2/2
   101 | D:1      | Found Waheokh's Distillery.
   185 | D:1      | Reached XP level 2. HP: 16/16 MP: 3/3
   460 | D:1      | Quit the game

Illustrated notes

Levels and vault maps discovered:
D:1:      evilmike_arrival_rings, layout_loops_ring, serial_shops,
          nicolae_shop_industrial_runoff, minivault_19

Action                     || total
---------------------------++-------
  Melee: Short sword       ||    56
         Punch             ||     3
   Stab: Sleeping          ||     1
 Armour: Robe              ||    12
  Dodge: Dodged            ||    42

Table legend: (Time is in decaauts)
 A = Elapsed time spent in this place.
 B = Non-inter-level travel time spent in this place.
 C = Inter-level travel time spent in this place.
 D = Time resting spent in this place.
 E = Time spent auto-exploring this place.
 F = Levels seen in this place.
 G = Mean time per level.
                   A        B        C        D        E       F      G
               +--------+--------+--------+--------+--------+-----+--------+
         Total |    296 |    296 |      0 |      0 |     77 |   1 |  296.0 |
       Dungeon |    296 |    296 |      0 |      0 |     77 |   1 |  296.0 |
               +--------+--------+--------+--------+--------+-----+--------+

Top non-repeatable levels by time:
     D:1: 296 daAuts
